 Dungeon Crawl Stone Soup version 0.29-a0-664-gff9cad4a3d (webtiles) character file.

Game seed: 7334893284178476090

2020 blackman the Basher (level 9, -26/63 HPs)
             Began as a Human Monk on June 22, 2022.
             Was a Priest of Qazlal.
             Annihilated by an orc knight
             ... wielding a +0 war axe
              (43 damage)
             ... on level 7 of the Dungeon.
             The game lasted 00:25:15 (7172 turns).

blackman the Basher (Human Monk)                    Turns: 7172, Time: 00:25:16

Health: -26/63     AC:  8    Str: 16    XL:     9   Next: 46%
Magic:  8/11       EV: 16    Int: 10    God:    Qazlal [***...]
Gold:   328        SH:  4    Dex: 22    Spells: 8/8 levels left

rFire   . . .      SeeInvis .   c - +1 short sword (venom)
rCold   . . .      Faith    .   (no shield)
rNeg    + . .      Spirit   .   p - +1 ring mail of Hifyroso {rN+ Slay+6}
rPois   .          Reflect  .   j - +0 helmet
rElec   .          Harm     .   (no cloak)
rCorr   .          Rampage  .   u - +0 pair of gloves
Will    .....                   (no boots)
Stlth   +.........              (no amulet)
HPRegen 0.20/turn               f - +6 ring of dexterity
MPRegen 0.12/turn               o - +4 ring of evasion

@: about to teleport, attractive
A: no striking features
a: Renounce Religion, Upheaval, Elemental Force


You were on level 7 of the Dungeon.
You worshipped Qazlal.
Qazlal was most pleased with you.
You visited 1 branch of the dungeon, and saw 7 of its levels.
You also visited: Bailey.

You collected 347 gold pieces.
You spent 19 gold pieces at shops.

Inventory:

Hand Weapons
 a - a +0 hand axe
 c - a +1 short sword of venom (weapon)
 i - a +3 battleaxe
Missiles
 E - 6 poisoned darts (quivered)
 J - 2 curare-tipped darts
Armour
 b - a +0 robe
 h - a +0 chain mail
 j - a +0 helmet (worn)
 p - the +1 ring mail of Hifyroso (worn) {rN+ Slay+6}
   (You found it on level 3 of the Dungeon)

   Slay:      It affects your accuracy & damage with ranged weapons and melee
   (+6).
   rN:        It protects you from negative energy.
 u - a +0 pair of gloves (worn)
 H - a +4 chain mail of cold resistance
Jewellery
 f - a +6 ring of dexterity (left hand)
 o - a +4 ring of evasion (right hand)
Wands
 w - a wand of iceblast (3)
 D - a wand of polymorph (25)
 K - a wand of flame (21)
Scrolls
 e - 2 scrolls of noise
 l - a scroll of magic mapping {unknown}
 n - 2 scrolls of identify
 q - 2 scrolls of vulnerability
 t - a scroll of poison {unknown}
 y - 2 scrolls of amnesia {unknown}
Potions
 d - a potion of lignification {unknown}
 k - 2 potions of attraction
 m - a potion of flight {unknown}
 r - 2 potions of resistance {unknown}
 s - a potion of mutation {unknown}
 v - a potion of ambrosia
 x - 2 potions of cancellation {unknown}
 z - a potion of degeneration {unknown}
 A - 2 potions of brilliance
 B - a potion of might {unknown}
 F - a potion of invisibility {unknown}
 G - 2 potions of curing {unknown}
 I - 2 potions of berserk rage {unknown}


   Skills:
 - Level 3.0 Fighting
 - Level 5.6(8.6) Axes
 * Level 10.2(10.9) Maces & Flails
 - Level 3.0 Dodging
 - Level 2.0 Stealth
 * Level 3.2 Invocations


You had 8 spell levels left.
You didn't know any spells.
Your spell library contained the following spells:

 Spells                   Type           Power      Damage    Failure   Level
 Freeze                   Ice            0%         1d3       58%         1
 Sublimation of Blood     Necr           0%         N/A       73%         2
 Wereblood                Tmut           0%         N/A       73%         2
 Frozen Ramparts          Ice            0%         1d2       91%         3
 Stone Arrow              Conj/Erth      0%         3d7       91%         3
 Animate Armour           Summ/Erth      0%         N/A       100%        4
 Corpse Rot               Necr/Pois/Air  0%         N/A       100%        4
 Dispel Undead            Necr           0%         3d6       100%        4
 Hailstorm                Conj/Ice       0%         3d3       100%        4
 Ice Form                 Ice/Tmut       0%         N/A       100%        4
 Summon Ice Beast         Ice/Summ       0%         N/A       100%        4
 Death Channel            Necr           0%         N/A       100%        6
 Dispersal                Tloc           0%         N/A       100%        6
 Summon Hydra             Summ           0%         N/A       100%        7
 Disjunction              Tloc           0%         N/A       100%        8
 Lehudib's Crystal Spear  Conj/Erth      0%         10d2      100%        8


Dungeon Overview and Level Annotations

Branches:
Dungeon (7/15)             Temple (0/1) D:6          Bailey (visited)

Altars:
Cheibriados
Qazlal
Trog

Shops:
D:2 :   D:3 (   D:5 =[[   D:7 :*[


Message History

You feel attractive to monsters. The orc knight is attracted toward you.
You barely miss the orc knight.
The orc knight is moderately wounded.
The orc knight hits you with a +0 battleaxe.
You hit the orc knight but do no damage.
The orc knight is poisoned.
The orc knight is moderately wounded.
Flame seeps out of the orc knight.
The orc knight is engulfed in blazing flames.
Flame seeps out of the orc knight.
The orc knight misses you. The orc knight is attracted toward you.
The orc knight's inner flame fades away.
The orc knight is engulfed in blazing flames.
The orc knight roars a battlecry!
The orc knight goes into a battle-frenzy!
The orc knight is attracted toward you. x2
The orc knight is engulfed in blazing flames.
The orc knight roars a battlecry!
The orc knight goes into a battle-frenzy!
The orc knight is attracted toward you.
The orc knight attacks as you move away!
The orc knight hits you but does no damage.
The orc knight is attracted toward you.
There is a gate leading back out of this place here.
The orc knight closely misses you.
The orc knight hits you with a +0 war axe.
Welcome back to the Dungeon!
You hear the hiss of flowing sand.
There is an entrance to an ossuary on this level.
Hurry and find it before the portal is buried!
The walls and floor vibrate strangely for a moment.
The bullfrog hits you.
* * * LOW HITPOINT WARNING * * *
The bullfrog misses you.
There is an empty arch of ancient stone here.
As you read the scroll of teleportation, it crumbles to dust.
You feel strangely unstable.
The orc knight hits you with a +0 war axe!!!
Ouch! That really hurt!
You die...

#....# .....§
#....##.....#
#....##.....###
#.............+
#.............
#.≈≈≈≈≈.......
...#.≈☼o.≈...#
.....≈>@F≈..##
.....≈.o.≈...#
...#.≈≈≈≈≈...#
.. .
#.........#....
#....##.......#
#
#....##.##...##
# #....##(#
...8# #
##....##.# ..##
# .........#
..#


You could see 2 orc knights and a bullfrog.

Vanquished Creatures
  Eustachio (D:6)
  Duvessa (D:4)
  Edmund (D:5)
  2 orc warriors (Bailey)
  A kobold brigand (D:7)
  2 bullfrogs
  Blork the orc (D:5)
  A scorpion (D:5)
  Dowan (D:4)
  5 wights (D:5)
  3 killer bees (D:7)
  A howler monkey (D:4)
  4 hounds
  A jelly (D:5)
  3 orc priests
  An iguana (D:6)
  Natasha (thrice) (D:4)
  2 orc wizards
  Robin (D:2)
  6 gnolls
  6 adders
  A shadow imp (D:6)
  A white imp (D:5)
  A worm (D:3)
  A dart slug (D:4)
  19 orcs
  8 ball pythons
  3 bats
  12 endoplasms
  6 giant cockroaches
  13 goblins
  12 hobgoblins
  2 quokkas
  6 frilled lizards
  10 kobolds
  6 rats
148 creatures vanquished.

Vanquished Creatures (others)
  11 plants
11 creatures vanquished.

Grand Total: 159 creatures vanquished

Notes
Turn   | Place    | Note
-------+----------+-------------------------------------------
     0 | D:1      | blackman the Human Monk began the quest for the Orb.
     0 | D:1      | Reached XP level 1. HP: 18/18 MP: 1/1
    49 | D:1      | Reached XP level 2. HP: 20/24 MP: 2/2
   343 | D:1      | Found a faded altar of an unknown god.
   346 | D:1      | Prayed at the altar of an unknown god.
   346 | D:1      | Became a worshipper of Qazlal Stormbringer
   346 | D:1      | Reached * piety under Qazlal
   346 | D:1      | Reached ** piety under Qazlal
   393 | D:1      | Reached XP level 3. HP: 28/29 MP: 3/3
   676 | D:2      | Found a bloodstained altar of Trog.
   677 | D:2      | Noticed Robin
   686 | D:2      | Killed Robin
  1115 | D:2      | Reached *** piety under Qazlal
  1181 | D:2      | Found Dipraute's Book Shop.
  1243 | D:2      | Reached XP level 4. HP: 35/35 MP: 4/4
  1657 | D:2      | Reached skill level 5 in Axes
  1909 | D:3      | Reached XP level 5. HP: 37/41 MP: 5/5
  1964 | D:3      | Identified the +1 ring mail of Hifyroso {rN+ Slay+6}
  2319 | D:3      | Found Noetumuthra's Weapon Emporium.
  2635 | D:4      | Reached skill level 1 in Maces & Flails
  2638 | D:4      | Reached skill level 2 in Maces & Flails
  2638 | D:4      | Reached XP level 6. HP: 17/47 MP: 6/6
  3186 | D:4      | Noticed Duvessa
  3186 | D:4      | Noticed Dowan
  3190 | D:4      | Killed Dowan
  3191 | D:4      | Reached skill level 3 in Maces & Flails
  3200 | D:4      | Killed Duvessa
  3201 | D:4      | Reached skill level 4 in Maces & Flails
  3201 | D:4      | Reached XP level 7. HP: 19/52 MP: 1/7
  3551 | D:4      | Found a snail-covered altar of Cheibriados.
  3641 | D:4      | Reached skill level 5 in Maces & Flails
  3684 | D:4      | Noticed Natasha
  3690 | D:4      | Killed Natasha
  3994 | D:4      | Noticed Natasha
  4003 | D:4      | Killed Natasha
  4037 | D:5      | Entered Level 5 of the Dungeon
  4037 | D:5      | Found Zeoxzeq's Jewellery Shoppe.
  4050 | D:5      | Noticed Edmund
  4302 | D:5      | Noticed Blork the orc
  4322 | D:4      | Noticed Natasha
  4329 | D:5      | Killed Blork the orc
  4398 | D:4      | Killed Natasha
  4433 | D:5      | Reached skill level 6 in Maces & Flails
  4692 | D:5      | Killed Edmund
  4693 | D:5      | Reached XP level 8. HP: 40/58 MP: 8/8
  5077 | D:5      | Found Sakh's Armour Emporium.
  5079 | D:5      | Found Cogucw's Armour Shop.
  5109 | D:5      | Reached skill level 7 in Maces & Flails
  5120 | D:5      | Reached **** piety under Qazlal
  5136 | D:5      | Reached skill level 8 in Maces & Flails
  5754 | D:6      | Found a staircase to the Ecumenical Temple.
  5926 | D:6      | Noticed Eustachio
  5941 | D:6      | Killed Eustachio
  5942 | D:6      | Reached skill level 9 in Maces & Flails
  5942 | D:6      | Reached XP level 9. HP: 63/63 MP: 9/9
  6324 | D:7      | Found Fov Pat's Book Emporium.
  6427 | D:7      | Found Zyowked's General Store.
  6434 | D:7      | Bought 2 curare-tipped darts for 19 gold pieces
  6436 | D:7      | Found Gekizyid's Armour Shoppe.
  6485 | D:7      | Reached skill level 1 in Invocations
  6541 | D:7      | Reached skill level 10 in Maces & Flails
  6679 | D:7      | Found a flagged portal.
  6688 | Bailey   | Entered a bailey
  7140 | Bailey   | Noticed an orc knight
  7143 | Bailey   | Noticed an orc knight
  7172 | D:7      | Annihilated by an orc knight

Illustrated notes

Levels and vault maps discovered:
D:1:      eino_arrival_cavern_b, layout_rooms,
          shapermc_ecumenical_altar_mp_vishouse
D:2:      layout_basic, serial_shops, nicolae_diamond_shop, basic_altar,
          chequers_big_river, minmay_hedge_maze, minmay_crystal_room, uniq_robin
D:3:      layout_loops_ring, serial_shops, nicolae_shop_bloodbath_and_beyond
D:4:      nicolae_cairo_tiling_very_big, layout_basic,
          mainiacjoe_overflow_catwalk, uniq_natasha, uniq_duvessa
D:5:      layout_cave_pools, serial_shops, nicolae_shop_waterfront,
          kennysheep_mini_moat, nicolae_stop_n_shop_2, uniq_edmund,
          uniq_blork_the_orc
D:6:      layout_rooms, temple_pool_b, lemuel_flamethrower_1, uniq_eustachio
D:7:      layout_gridville, mainiacjoe_overflow_catwalk_spiral,
          lightli_ossuary_entry_decrepit_ruins, serial_shops,
          nicolae_inconvenience_store, nicolae_stop_n_shop_2,
          nicolae_stop_n_shop_2, shop, shop_statue, enter_bailey_5,
          dreamdust_princess_corridor, corexii_hall_statues_i,
          serial_bayou_pond_c

Skill      XL: |  1  2  3  4  5  6  7  8  9 |
---------------+----------------------------+-----
Axes           | 4 5 |  5.6
Maces & Flails | 2 4 6 9 10 | 10.2
Invocations    | 3 |  3.2
Fighting       | |  3.0
Dodging        | |  3.0
Stealth        | |  2.0

Action                   |  1- 3 |  4- 6 |  7- 9 || total
-------------------------+-------+-------+-------++-------
Melee: Hand axe          |    21 |       |       ||    21
       Short sword       |    49 |    81 |   175 ||   305
       Unarmed           |       |       |     1 ||     1
       Punch             |       |       |     2 ||     2
Throw: Dart              |       |     1 |     7 ||     8
Invok: Upheaval          |       |     3 |     2 ||     5
       Elemental Force   |       |       |     1 ||     1
Evoke: Wand              |       |       |     8 ||     8
  Use: Potion            |     1 |       |     1 ||     2
       Scroll            |       |       |     7 ||     7
 Stab: Sleeping          |     3 |       |       ||     3
Armor: Robe              |     6 |       |       ||     6
       Chain mail        |    16 |    16 |       ||    32
       Ring mail         |       |     9 |    42 ||    51
Dodge: Dodged            |    31 |    34 |   154 ||   219
       Repelled          |       |       |     1 ||     1
Block: Other             |     6 |    12 |    45 ||    63

Table legend: (Time is in decaauts)
 A = Elapsed time spent in this place.
 B = Non-inter-level travel time spent in this place.
 C = Inter-level travel time spent in this place.
 D = Time resting spent in this place.
 E = Time spent auto-exploring this place.
 F = Levels seen in this place.
 G = Mean time per level.
                   A        B        C        D        E       F      G
               +--------+--------+--------+--------+--------+-----+--------+
         Total |   7224 |   6965 |    259 |   2501 |   3362 |   8 |  903.0 |
       Dungeon |   6739 |   6480 |    259 |   2193 |   3308 |   7 |  962.7 |
        Bailey |    485 |    485 |      0 |    308 |     54 |   1 |  485.0 |
               +--------+--------+--------+--------+--------+-----+--------+

Top non-repeatable levels by time:
     D:4: 1414 daAuts
     D:5: 1264 daAuts
     D:3: 1155 daAuts
     D:1: 1099 daAuts
     D:2: 818 daAuts
     D:6: 662 daAuts
  Bailey: 485 daAuts
     D:7: 323 daAuts
